AoeStats
← 恆浪蕩

Arena

509306149Analyzed
4v4 RM · 5d ago on Sep 26, 2026· 42m 23s· 8 players
Game mode
Random Map
Map size
Large (8 player)
Population
200
Speed
Normal
Resources
Standard
Victory
Conquest
Starting age
Dark Age
Ending age
Imperial Age
RankedLock teamsTeams togetherTeam positionsShared explorationLock speedFull tech treeHidden civsTurbo modeCheats
Victory
Defeat
🇹🇼 Bengalis · Taiwan
1698
+14
🇦🇷 Koreans · Argentina
1663
+16
🇹🇼 Wei · Taiwan
1592
+19
🇹🇼 Tatars · Taiwan
1565
+20
🇧🇬 Inca · Bulgaria
1803
-24
🇨🇳 Celts · China
1778
-22
🇩🇪 Khmer · Germany
1582
-14
🇳🇱 Italians · Netherlands
1453
-9
默默默默默
5:26 Loom
7:58 Feudal Age
9:46 Town Watch
15:25 Fletching
20:16 Wheelbarrow
23:41 Castle Age
22:47 Double-Bit Axe
22:43 Horse Collar
24:16 Bodkin Arrow
25:32 Bow Saw
27:02 Crossbowman
32:01 Imperial Age
32:58 Bracer
34:00 Chemistry
34:55 Ballistics
38:02 Arbalester
Sunny Day
9:45 Feudal Age
9:03 Loom
13:22 Fletching
17:48 Castle Age
16:53 Double-Bit Axe
31:34 Wheelbarrow
31:10 Bow Saw
31:09 Horse Collar
39:02 Imperial Age
37:24 Hand Cart
38:14 Bodkin Arrow
38:58 Ballistics
38:49 Padded Archer Armor
40:30 Bracer
42:13 Leather Archer Armor
43:03 Chemistry
43:28 Ring Archer Armor
恆浪蕩
10:26 Feudal Age
10:27 Loom
10:54 Loom
10:57 Double-Bit Axe
10:55 Horse Collar
16:16 Castle Age
15:33 Gold Mining
17:49 Bow Saw
17:40 Heavy Plow
25:13 Wheelbarrow
29:57 Imperial Age
27:44 Hand Cart
28:02 Town Watch
28:47 Stone Mining
30:53 Bloodlines
30:58 Husbandry
31:20 Forging
32:05 Gold Shaft Mining
32:12 Crop Rotation
33:21 Iron Casting
32:44 Elite Tiger Cavalry
34:09 Conscription
34:21 Ming Guang Armor
34:38 Scale Barding Armor
35:08 Tuntian
36:12 Blast Furnace
36:06 Chain Barding Armor
35:43 Treadmill Crane
36:50 Light Cavalry
37:29 Fletching
39:13 Bodkin Arrow
40:25 Bracer
40:19 Hussar
Kevin10_7414
10:57 Feudal Age
14:38 Castle Age
12:51 Double-Bit Axe
13:14 Horse Collar
15:53 Bow Saw
19:38 Wheelbarrow
23:01 Hand Cart
23:47 Loom
23:47 Town Watch
28:15 Imperial Age
25:39 Fletching
25:50 Padded Archer Armor
26:47 Sanctity
26:58 Ballistics
26:52 Redemption
27:43 Bodkin Arrow
27:54 Elite Skirmisher
29:00 Bracer
29:01 Gold Mining
29:49 Block Printing
30:21 Leather Archer Armor
31:14 Chemistry
31:11 Sanctity
31:17 Illumination
31:31 Siege Engineers
31:59 Ring Archer Armor
32:27 Forging
33:23 Fervor
33:20 Elite Elephant Archer
35:35 Masonry
37:14 Husbandry
37:24 Bloodlines
38:14 Coinage
38:50 Conscription
38:34 Caravan
38:44 Guilds
39:37 Two-Man Saw
38:37 Heavy Plow
38:50 Scale Barding Armor
38:08 Light Cavalry
39:50 Architecture
40:34 Gold Shaft Mining
40:29 Murder Holes
40:45 Fortified Wall
41:18 Chain Barding Armor
42:42 Plate Barding Armor
41:50 Elite Battle Elephant
lootingbear
6:23 Loom
8:19 Feudal Age
10:16 Fletching
20:10 Castle Age
22:32 Double-Bit Axe
26:18 Bow Saw
27:06 Horse Collar
28:41 Wheelbarrow
30:13 Forging
33:02 Imperial Age
30:47 Stone Mining
32:26 Hand Cart
33:19 Padded Archer Armor
34:50 Stone Shaft Mining
35:43 Bodkin Arrow
36:22 Ballistics
39:05 Forging
38:58 Bracer
39:14 Leather Archer Armor
39:46 Light Cavalry
40:42 Bloodlines
42:20 Double Crossbow
Zni.Locuss
11:13 Feudal Age
12:58 Town Watch
15:55 Castle Age
14:20 Double-Bit Axe
14:34 Horse Collar
14:30 Champi Runner
16:13 Arson
17:08 Loom
17:59 Champi Warrior
19:28 Squires
20:32 Scale Mail Armor
21:31 Chain Mail Armor
27:48 Wheelbarrow
29:12 Bow Saw
29:03 Heavy Plow
29:31 Stone Mining
33:30 Imperial Age
30:47 Pikeman
33:00 Gold Mining
33:32 Forging
33:36 Capped Ram
34:47 Plate Mail Armor
36:28 Iron Casting
36:22 Halberdier
37:50 Conscription
38:47 Hand Cart
41:26 Gold Shaft Mining
41:22 Crop Rotation
40:56 Andean Sling
41:05 Fabric Shields
bommietommie
10:15 Feudal Age
11:38 Double-Bit Axe
14:11 Castle Age
12:02 Horse Collar
15:17 Bow Saw
21:35 Wheelbarrow
22:14 Stone Mining
24:10 Hand Cart
23:55 Gold Mining
25:46 Town Watch
28:36 Imperial Age
25:53 Loom
28:03 Ballistics
27:34 Fletching
28:13 Murder Holes
30:19 Chemistry
29:01 Treadmill Crane
29:00 Pikeman
30:19 Bodkin Arrow
30:42 Heavy Plow
32:19 Masonry
33:03 Squires
33:45 Scale Mail Armor
33:57 Forging
34:23 Bracer
35:20 Architecture
34:41 Elite Skirmisher
37:29 Padded Archer Armor
38:25 Leather Archer Armor
39:04 Devotion
39:48 Ring Archer Armor
39:53 Conscription
团团团子
10:32 Feudal Age
17:55 Castle Age
16:29 Double-Bit Axe
17:11 Horse Collar
18:15 Loom
29:59 Bow Saw
33:35 Wheelbarrow
34:11 Heavy Plow
39:17 Imperial Age
37:51 Scale Mail Armor
39:13 Chain Mail Armor
40:29 Hand Cart
39:47 Capped Ram
40:54 Conscription
Connection lost

Rejoining the realm…

Still unreachable

The connection could not be restored.

Session expired

The server has moved on; the page needs a fresh start.